 Dungeon Crawl Stone Soup version 0.28.0-43-g3370ac3207 (webtiles) character file.

Game seed: 8969505289058752679

33 DrunkBamboolord the Gusty (level 3, 0/19 HPs)
             Began as a Tengu Air Elementalist on Mar 6, 2022.
             Succumbed to an adder's poison
             ... on level 2 of the Dungeon.
             The game lasted 00:03:15 (1979 turns).

DrunkBamboolord the Gusty (Tengu Air Elementalist)  Turns: 1979, Time: 00:03:15

Health: 0/19       AC:  3    Str:  8    XL:     3   Next: 29%
Magic:  3/7        EV: 12    Int: 17    God:
Gold:   46         SH:  0    Dex: 14    Spells: 1/7 levels left

rFire   . . .      SeeInvis .   (no weapon)
rCold   . . .      Faith    .   (no shield)
rNeg    . . .      Spirit   .   a - +0 robe
rPois   .          Reflect  .   (helmet restricted)
rElec   .          Harm     .   (no cloak)
rCorr   .          Rampage  .   c - +0 pair of gloves
Will    .....                   (boots unavailable)
Stlth   ++........              (no amulet)
HPRegen 0.06/turn               b - ring of wizardry
MPRegen 0.10/turn               (no ring)

@: lethally poisoned (0 -> -3)
A: beak, talons 3
a: no special abilities


You were on level 2 of the Dungeon.
You visited 1 branch of the dungeon, and saw 2 of its levels.

You collected 46 gold pieces.

Inventory:

Armour
 a - a +0 robe (worn)
 c - a +0 pair of gloves (worn)
Jewellery
 b - a ring of wizardry (left hand)
Scrolls
 d - a scroll of amnesia {unknown}


   Skills:
 * Level 2.3 Dodging
 + Level 2.0 Stealth
 * Level 2.6 Spellcasting
 * Level 1.9 Conjurations
 * Level 4.7 Air Magic


You had one spell level left.
You knew the following spells:

 Your Spells              Type           Power      Damage    Failure   Level
a - Shock                 Conj/Air       52%        1d6       1%          1
b - Static Discharge      Conj/Air       13%        N/A       2%          2
c - Swiftness             Air            18%        N/A       3%          3

Your spell library contained the following spells:

 Spells                   Type           Power      Damage    Failure   Level
 Airstrike                Air            9%         N/A       11%         4


Dungeon Overview and Level Annotations

Branches:
Dungeon (2/15)

Altars:


Innate Abilities, Weirdness & Mutations

You have a beak for a mouth.
You have claws for feet.


Message History

The gnoll is moderately wounded.
Unknown command.
A bat comes into view.
The bat barely misses you. The bat closely misses you.
The bat barely misses you. The bat hits you but does no damage.
The bat hits you.
Aiming: Shock (safe; 1% risk of failure)
Press: ? - help, Q - select action, (/) - cycle Shift-Dir - straight line, f/p - gnoll
Aim: a gnoll, wielding a +3 spear (moderately wounded, 72% to hit)
The zap misses the adder.
The zap hits the gnoll.
The gnoll is severely wounded.
The zap misses the bat.
The adder closely misses you. The adder barely misses you.
Casting: Shock (safe; 1% risk of failure)
Confirm with . or Enter, or press ? or * to list all spells.
The adder is struck by an arc of lightning.
The adder is moderately wounded.
You are struck by an arc of lightning.
The lightning grounds out.
The adder bites you.
The gnoll hits you from afar with a +3 spear!
* * * LOW HITPOINT WARNING * * *
The adder bites you but does no damage. The adder bites you but does no damage.
The adder misses you.
Aiming: Shock (safe; 1% risk of failure)
Press: ? - help, Q - select action, (/) - cycle Shift-Dir - straight line, f/p - gnoll
Aim: a gnoll, wielding a +3 spear (severely wounded, 72% to hit)
The zap misses the adder.
The zap hits the gnoll.
The gnoll is almost dead.
The adder bites you.
* * * LOW HITPOINT WARNING * * *
You are lethally poisoned!
The adder poisons you!
You aren't carrying any potions.
* * * LOW HITPOINT WARNING * * *
You feel sick.
* * * LOW HITPOINT WARNING * * *
You feel sick. The adder closely misses you.
You die...

#.# #.# #.#
#b# #g# #####
#.# #.g.#
#.####.#S#
#.b.bg.#.#
########@#
#.# #.# #.#
#.#########.#
............#
#......<..#.#
#.#########.#
###


You could see a gnoll and an adder.

Vanquished Creatures
  A gnoll (D:2)
  3 ball pythons (D:1)
  3 bats (D:1)
  3 endoplasms (D:1)
  A giant cockroach (D:1)
  A goblin (D:1)
  2 quokkas
  4 frilled lizards
  A kobold (D:1)
  3 rats (D:1)
22 creatures vanquished.

Notes
Turn   | Place    | Note
-------+----------+-------------------------------------------
     0 | D:1      | DrunkBamboolord the Tengu Air Elementalist began the quest
                  | for the Orb.
     0 | D:1      | Reached XP level 1. HP: 10/10 MP: 4/4
   322 | D:1      | Reached XP level 2. HP: 15/15 MP: 4/6
   403 | D:1      | Learned a level 2 spell: Static Discharge
   495 | D:1      | Found a faded altar of an unknown god.
  1324 | D:2      | Reached XP level 3. HP: 19/19 MP: 2/7
  1494 | D:1      | Learned a level 3 spell: Swiftness
  1979 | D:2      | Succumbed to an adder's poison

Illustrated notes

Levels and vault maps discovered:
D:1:      amcnicky_arrival_gap_in_the_tavern_cellar, layout_basic,
          ebering_ecumenical_altar_box, bh_walls_and_bars
D:2:      layout_basic, minmay_misc_feat_more_columns, hex_intersection

Action                   || total
-------------------------++-------
Melee: Unarmed           ||     4
       Kick              ||     1
       Peck              ||     1
 Cast: Shock             ||    53
       Static Discharge  ||     1
  Use: Scroll            ||     1
Armor: Robe              ||    10
Dodge: Dodged            ||    23
